TOP OF THE 1ST |
Madison Bombers batting - Pitching for Kansas City Kings : RHP Adrián Serrano
|
Pitching: RHP Adrián Serrano
|
|
Batting: SHB Dave MacThomas
|
0-0: Ball 1-0: Ball 2-0: Swinging Strike 2-1: Foul Ball, location: 2F 2-2: Strikes out looking
|
Batting: RHB Sergio Márquez
|
0-0: Fly out, F8 (Popup, 8LS)
|
Batting: LHB Seung-chun Mun
|
0-0: Called Strike 0-1: Ball 1-1: Foul Ball, location: 2F 1-2: Ball 2-2: Fly out, F9 (Flyball, 89D)
|
Top of the 1st over - 0 run(s), 0 hit(s), 0 error(s), 0 left on base; Madison 0 - Kansas City 0 |
BOTTOM OF THE 1ST |
Kansas City Kings batting - Pitching for Madison Bombers : RHP Claudio Segura
|
Pitching: RHP Claudio Segura
|
|
Batting: LHB Brian Boone
|
0-0: Swinging Strike 0-1: Swinging Strike 0-2: Ball 1-2: Foul Ball, location: 2F 1-2: Strikes out swinging
|
Batting: LHB Ray Spencer
|
0-0: Ball 1-0: Ball 2-0: Foul Ball, location: 2F 2-1: Swinging Strike 2-2: Strikes out swinging
|
Batting: RHB Toshimichi Kono
|
0-0: Ball 1-0: Ball 2-0: Foul Ball, location: 2F 2-1: Swinging Strike 2-2: Ball 3-2: SOLO HOME RUN (Flyball, 7LD), Distance : 361 ft
|
Batting: LHB Pablo Reyes
|
0-0: Foul Ball, location: 2F 0-1: Called Strike 0-2: SINGLE (Flyball, 89M)
|
Batting: RHB Chris Chandler
|
0-0: Ground out 2-3 (Groundball, 2R)
|
Bottom of the 1st over - 1 run(s), 2 hit(s), 0 error(s), 1 left on base; Madison 0 - Kansas City 1 |
TOP OF THE 2ND |
Madison Bombers batting - Pitching for Kansas City Kings : RHP Adrián Serrano
|
Batting: LHB Mike Callahan
|
0-0: Ball 1-0: Foul Ball, location: 2F 1-1: Foul Ball, location: 2F 1-2: Ball 2-2: Ball 3-2: Strikes out swinging
|
Batting: RHB Vicente Aguirre
|
0-0: Foul Ball, location: 2F 0-1: Ball 1-1: Foul Ball, location: 2F 1-2: Strikes out looking
|
Batting: LHB Sixto Cantú
|
0-0: Ball 1-0: DOUBLE (Line Drive, 7LS)
|
Batting: LHB Avery Hopkins
|
0-0: Ground out 6-3 (Groundball, 6)
|
Top of the 2nd over - 0 run(s), 1 hit(s), 0 error(s), 1 left on base; Madison 0 - Kansas City 1 |
BOTTOM OF THE 2ND |
Kansas City Kings batting - Pitching for Madison Bombers : RHP Claudio Segura
|
Batting: SHB Víctor Serrano
|
0-0: Called Strike 0-1: Ball 1-1: Ball 2-1: Foul Ball, location: 2F 2-2: Ball 3-2: Base on Balls
|
Batting: LHB Ethan Marshall
|
0-0: Ball 1-0: Fielders Choice at 2nd, 4-6 (Groundball, 4)
|
Batting: RHB Dave Parker
|
0-0: Called Strike 0-1: Called Strike Ethan Marshall steals 2nd base 0-2: Ball 1-2: Fly out, F2 (Popup, 2RF)
|
Batting: RHB Mario Franco
|
0-0: Called Strike 0-1: Foul Ball, location: 2F 0-2: Ground out 4-3 (Groundball, 4)
|
Bottom of the 2nd over - 0 run(s), 0 hit(s), 0 error(s), 1 left on base; Madison 0 - Kansas City 1 |
TOP OF THE 3RD |
Madison Bombers batting - Pitching for Kansas City Kings : RHP Adrián Serrano
|
Batting: RHB Emílio Carrillo
|
0-0: SINGLE (Line Drive, 78M)
|
Batting: LHB Aroghetto Dionisotti
|
0-0: Called Strike 0-1: Called Strike 0-2: Ball 1-2: Strikes out looking
|
Batting: SHB Dave MacThomas
|
0-0: Ball 1-0: Swinging Strike 1-1: Ball 2-1: SINGLE (Groundball, 4MD) Emílio Carrillo to second
|
Batting: RHB Sergio Márquez
|
0-0: Called Strike 0-1: Ball 1-1: SINGLE (Groundball, 56D) Emílio Carrillo to third Dave MacThomas to second Runner from 3rd tries for Home, throw and OUT!
|
Batting: LHB Seung-chun Mun
|
0-0: Foul Ball, location: 2F 0-1: Ball 1-1: SINGLE (Flyball, 7S) Dave MacThomas to third Sergio Márquez to second Runner from 3rd tries for Home, SAFE, throw made at trailing runner, SAFE at third!
|
Batting: LHB Mike Callahan
|
0-0: Ball 1-0: Foul Ball, location: 2F 1-1: Fly out, F7 (Flyball, 7M)
|
Top of the 3rd over - 1 run(s), 4 hit(s), 0 error(s), 2 left on base; Madison 1 - Kansas City 1 |
BOTTOM OF THE 3RD |
Kansas City Kings batting - Pitching for Madison Bombers : RHP Claudio Segura
|
Batting: LHB Brian Boone
|
0-0: Ball 1-0: Ground out 4-3 (Groundball, 34)
|
Batting: LHB Ray Spencer
|
0-0: Ball 1-0: Called Strike 1-1: Ball 2-1: Foul Ball, location: 2F 2-2: Ball 3-2: Strikes out swinging
|
Batting: RHB Toshimichi Kono
|
0-0: Fly out, F4 (Popup, 4MD)
|
Bottom of the 3rd over - 0 run(s), 0 hit(s), 0 error(s), 0 left on base; Madison 1 - Kansas City 1 |
TOP OF THE 4TH |
Madison Bombers batting - Pitching for Kansas City Kings : RHP Adrián Serrano
|
Batting: RHB Vicente Aguirre
|
0-0: Called Strike 0-1: Ball 1-1: Hit by Pitch
|
Batting: LHB Sixto Cantú
|
0-0: Foul Ball, location: 2F 0-1: Ball 1-1: Called Strike 1-2: Strikes out swinging
|
Batting: LHB Avery Hopkins
|
0-0: Ball 1-0: Ground out 3-1 (Groundball, 34) Vicente Aguirre to second
|
Batting: RHB Emílio Carrillo
|
0-0: SINGLE (Line Drive, 7S) Vicente Aguirre to third Runner from 3rd tries for Home, SAFE, throw made home Emílio Carrillo to second
|
Batting: LHB Aroghetto Dionisotti
|
0-0: Called Strike 0-1: Called Strike 0-2: Ball 1-2: Fly out, F9 (Line Drive, 89M)
|
Top of the 4th over - 1 run(s), 1 hit(s), 0 error(s), 1 left on base; Madison 2 - Kansas City 1 |
BOTTOM OF THE 4TH |
Kansas City Kings batting - Pitching for Madison Bombers : RHP Claudio Segura
|
Batting: LHB Pablo Reyes
|
0-0: Ball 1-0: Ball 2-0: Called Strike 2-1: Called Strike 2-2: Strikes out swinging
|
Batting: RHB Chris Chandler
|
0-0: Ball 1-0: Ground out 5-3 (Groundball, 6S)
|
Batting: SHB Víctor Serrano
|
0-0: Ball 1-0: Ball 2-0: Swinging Strike 2-1: Called Strike 2-2: Ball 3-2: Base on Balls
|
Batting: LHB Ethan Marshall
|
0-0: Called Strike 0-1: Called Strike 0-2: Ball 1-2: DOUBLE (Groundball, 3L) Víctor Serrano to third
|
Batting: RHB Dave Parker
|
0-0: Ball 1-0: Ball 2-0: 3-RUN HOME RUN (Flyball, 78XD), Distance : 401 ft
|
Batting: RHB Mario Franco
|
0-0: Foul Ball, location: 2F 0-1: Foul Ball, location: 2F 0-2: Ball 1-2: Fly out, F8 (Flyball, 8RM)
|
Bottom of the 4th over - 3 run(s), 2 hit(s), 0 error(s), 0 left on base; Madison 2 - Kansas City 4 |
TOP OF THE 5TH |
Madison Bombers batting - Pitching for Kansas City Kings : RHP Adrián Serrano
|
Batting: SHB Dave MacThomas
|
0-0: Called Strike 0-1: Called Strike 0-2: Strikes out swinging
|
Batting: RHB Sergio Márquez
|
0-0: Called Strike 0-1: Fly out, F9 (Line Drive, 89M)
|
Batting: LHB Seung-chun Mun
|
0-0: Ball 1-0: Foul Ball, location: 2F 1-1: Ball 2-1: Foul Ball, location: 2F 2-2: Foul Ball, location: 2F 2-2: Ground out 4-3 (Groundball, 4)
|
Top of the 5th over - 0 run(s), 0 hit(s), 0 error(s), 0 left on base; Madison 2 - Kansas City 4 |
BOTTOM OF THE 5TH |
Kansas City Kings batting - Pitching for Madison Bombers : RHP Claudio Segura
|
Batting: LHB Brian Boone
|
0-0: Called Strike 0-1: Ball 1-1: Ball 2-1: Ball 3-1: SINGLE (Groundball, 34D)
|
Batting: LHB Ray Spencer
|
0-0: Foul Ball, location: 2F 0-1: Called Strike 0-2: Ground out U3 (Groundball, 3S) Brian Boone to second
|
Batting: RHB Toshimichi Kono
|
0-0: Called Strike 0-1: Called Strike Brian Boone steals 3rd base 0-2: 2-RUN HOME RUN (Flyball, 8LXD) (Inside the Park)
|
Batting: LHB Pablo Reyes
|
0-0: Ball 1-0: Fly out, F7 (Flyball, 7S)
|
Batting: RHB Chris Chandler
|
0-0: Foul Ball, location: 2F 0-1: Fly out, F4 (Popup, 4MD)
|
Bottom of the 5th over - 2 run(s), 2 hit(s), 0 error(s), 0 left on base; Madison 2 - Kansas City 6 |
TOP OF THE 6TH |
Madison Bombers batting - Pitching for Kansas City Kings : RHP Adrián Serrano
|
Batting: LHB Mike Callahan
|
0-0: Fly out, F9 (Flyball, 89S)
|
Batting: RHB Vicente Aguirre
|
0-0: Ball 1-0: Called Strike 1-1: Foul Ball, location: 2F 1-2: Strikes out looking
|
Batting: LHB Sixto Cantú
|
0-0: Ball 1-0: Ball 2-0: Ball 3-0: Base on Balls
|
Batting: LHB Avery Hopkins
|
0-0: Ball 1-0: Foul Ball, location: 2F 1-1: Ground out 4-3 (Groundball, 4)
|
Top of the 6th over - 0 run(s), 0 hit(s), 0 error(s), 1 left on base; Madison 2 - Kansas City 6 |
BOTTOM OF THE 6TH |
Kansas City Kings batting - Pitching for Madison Bombers : RHP Claudio Segura
|
Batting: SHB Víctor Serrano
|
0-0: Ball 1-0: Swinging Strike 1-1: Ball 2-1: Foul Ball, location: 2F 2-2: Strikes out swinging
|
Batting: LHB Ethan Marshall
|
0-0: Called Strike 0-1: Ball 1-1: Swinging Strike 1-2: Strikes out looking
|
Batting: RHB Dave Parker
|
0-0: Called Strike 0-1: Fly out, F9 (Flyball, 89M)
|
Bottom of the 6th over - 0 run(s), 0 hit(s), 0 error(s), 0 left on base; Madison 2 - Kansas City 6 |
TOP OF THE 7TH |
Madison Bombers batting - Pitching for Kansas City Kings : RHP Adrián Serrano
|
Batting: RHB Emílio Carrillo
|
0-0: Ball 1-0: Called Strike 1-1: Ball 2-1: Ball 3-1: Called Strike 3-2: Foul Ball, location: 2F 3-2: Foul Ball, location: 2F 3-2: Strikes out looking
|
Batting: LHB Aroghetto Dionisotti
|
0-0: Ball 1-0: Ball 2-0: SOLO HOME RUN (Flyball, 8RXD) (Inside the Park)
|
Batting: SHB Dave MacThomas
|
0-0: Swinging Strike 0-1: Ball 1-1: Foul Ball, location: 2F 1-2: Strikes out swinging
|
Batting: RHB Sergio Márquez
|
0-0: Ball 1-0: Foul Ball, location: 2F 1-1: Called Strike 1-2: Strikes out swinging
|
Top of the 7th over - 1 run(s), 1 hit(s), 0 error(s), 0 left on base; Madison 3 - Kansas City 6 |
BOTTOM OF THE 7TH |
Kansas City Kings batting - Pitching for Madison Bombers : RHP Claudio Segura
|
Pitching: LHP Dave Carbone
|
|
Batting: RHB Mario Franco
|
0-0: Ball 1-0: Called Strike 1-1: Ball 2-1: Ground out 6-3 (Groundball, 6M)
|
Batting: LHB Brian Boone
|
0-0: Foul Ball, location: 2F 0-1: Ball 1-1: SINGLE (Line Drive, 6D)
|
Batting: LHB Ray Spencer
|
0-0: Ball 1-0: Ball 2-0: Grounds into double play, U4-3 (Groundball, 4)
|
Bottom of the 7th over - 0 run(s), 1 hit(s), 0 error(s), 0 left on base; Madison 3 - Kansas City 6 |
TOP OF THE 8TH |
Madison Bombers batting - Pitching for Kansas City Kings : RHP Adrián Serrano
|
Pitching: LHP Víctor Soto
|
|
Batting: LHB Seung-chun Mun
|
0-0: Called Strike 0-1: Foul Ball, location: 2F 0-2: Ball 1-2: Foul Ball, location: 2F 1-2: Foul Ball, location: 2F 1-2: DOUBLE (Line Drive, 78D)
|
Pitching: RHP Cipriano Montáñez
|
|
Batting: LHB Mike Callahan
|
0-0: Ball 1-0: DOUBLE (Flyball, 8LXD) Seung-chun Mun scores
|
Pitching: RHP Ray Watkins
|
|
Batting: RHB Vicente Aguirre
|
0-0: Foul Ball, location: 2F 0-1: Called Strike 0-2: Ball 1-2: Strikes out swinging
|
Batting: LHB Sixto Cantú
|
0-0: SINGLE (Groundball, 56D) Mike Callahan to third Runner from 3rd tries for Home, SAFE, throw made home Sixto Cantú to second
|
Batting: LHB Avery Hopkins
|
0-0: Called Strike 0-1: Ball 1-1: Foul Ball, location: 2F 1-2: Foul Ball, location: 2F 1-2: Ball 2-2: Ball 3-2: Strikes out looking
|
Pinch Hitting: SHB Jorge Flores
|
0-0: Foul Ball, location: 2F 0-1: Ball 1-1: Ball 2-1: Called Strike 2-2: Fly out, F5 (Popup, 25F)
|
Top of the 8th over - 2 run(s), 3 hit(s), 0 error(s), 1 left on base; Madison 5 - Kansas City 6 |
BOTTOM OF THE 8TH |
Kansas City Kings batting - Pitching for Madison Bombers : LHP Dave Carbone
|
Now at SS: Jorge Flores
|
|
Batting: RHB Toshimichi Kono
|
0-0: Ball 1-0: Swinging Strike 1-1: Ball 2-1: DOUBLE (Flyball, 78D)
|
Batting: LHB Pablo Reyes
|
0-0: Swinging Strike 0-1: Ground out 6-3 (Groundball, 6)
|
Batting: RHB Chris Chandler
|
0-0: SINGLE (Groundball, 6D) Toshimichi Kono to third Runner from 3rd tries for Home, SAFE, throw made home Chris Chandler to second
|
Batting: SHB Víctor Serrano
|
0-0: Intentional Walk
|
Batting: LHB Ethan Marshall
|
0-0: Ball 1-0: Ball 2-0: Called Strike 2-1: Swinging Strike 2-2: Strikes out looking
|
Batting: RHB Dave Parker
|
0-0: SINGLE (Line Drive, 6MD) Chris Chandler to third Víctor Serrano to second Runner from 3rd tries for Home, SAFE, no throw or cutoff
|
Batting: RHB Mario Franco
|
0-0: Ball 1-0: Ball 2-0: Ball 3-0: Called Strike 3-1: SINGLE (Groundball, 6M) Víctor Serrano to third Dave Parker to second
|
Pinch Hitting: RHB Ron James
|
0-0: Ball 1-0: Fly out, F8 (Flyball, 8LS)
|
Bottom of the 8th over - 2 run(s), 4 hit(s), 0 error(s), 3 left on base; Madison 5 - Kansas City 8 |
TOP OF THE 9TH |
Madison Bombers batting - Pitching for Kansas City Kings : RHP Ray Watkins
|
Pitching: RHP Alonso Jiménez
|
|
Now in RF: Vic Robertson
|
|
Batting: LHB Aroghetto Dionisotti
|
0-0: Called Strike 0-1: Ball 1-1: SINGLE (Line Drive, 89S)
|
Batting: SHB Dave MacThomas
|
0-0: Ball 1-0: Grounds into double play, 6-4-3 (Groundball, 6)
|
Batting: RHB Sergio Márquez
|
0-0: Ball 1-0: Ball 2-0: Called Strike 2-1: SINGLE (Line Drive, 9LS)
|
Batting: LHB Seung-chun Mun
|
0-0: Fly out, F9 (Flyball, 9LMF)
|
Top of the 9th over - 0 run(s), 2 hit(s), 0 error(s), 1 left on base; Madison 5 - Kansas City 8 |
|